 Dungeon Crawl Stone Soup version 0.21-a0-125-gb006224 (webtiles) character file.

35 Kurtz the Skirmisher (level 3, -3/29 HPs)
             Began as a Mummy Abyssal Knight on July 15, 2017.
             Was a Follower of Lugonu.
             Slain by Terence
             ... wielding a +0 trident
              (10 damage)
             ... on level 2 of the Dungeon.
             The game lasted 00:01:34 (1071 turns).

Kurtz the Skirmisher (Mummy Abyssal Knight)         Turns: 1071, Time: 00:01:34

Health: -3/29      AC:  5    Str: 16    XL:     3   Next: 16%
Magic:  4/4        EV: 11    Int: 11    God:    Lugonu [*.....]
Gold:   39         SH:  0    Dex: 11    Spells: 2/2 levels left

rFire    x . .     SeeInvis .   i - +0 spear (pierce)
rCold    + . .     Gourm    .   (no shield)
rNeg     + + +     Faith    .   b - +0 leather armour
rPois    ∞         Spirit   .   (no helmet)
rElec    .         Reflect  .   (no cloak)
rCorr    .         Harm     .   e - +1 pair of gloves
MR       .....                  (no boots)
Stlth    +.........             (no amulet)
HPRegen  0.09/turn              (no ring)
MPRegen  0.09/turn              (no ring)

@: no status effects
A: no food or potions, fire vulnerability, cold resistance 1, negative energy
resistance 3, torment resistance, unbreathing
a: Depart the Abyss, Renounce Religion


You were on level 2 of the Dungeon.
You worshipped Lugonu.
Lugonu was aware of your devotion.
You were not hungry.

You visited 1 branch of the dungeon, and saw 2 of its levels.
You visited the Abyss 1 time.

You collected 39 gold pieces.

Inventory:

Hand Weapons
 a - a +1 hand axe
 i - a +0 spear of piercing (weapon)
Armour
 b - a +0 leather armour (worn)
 e - a +1 pair of gloves (worn)
Scrolls
 c - a scroll of blinking {unknown}
 d - a scroll of teleportation {unknown}
 f - 2 scrolls of fog {unknown}
 g - a scroll of enchant armour {unknown}
 h - 2 scrolls of identify {unknown}
 j - a scroll of immolation {unknown}


   Skills:
 - Level 3.0 Fighting
 * Level 3.0 Axes
 - Level 1.5 Armour
 - Level 0.7 Dodging
 - Level 1.5 Invocations


You had 2 spell levels left.
You didn't know any spells.

Dungeon Overview and Level Annotations

Branches:
Dungeon (2/15)

Altars:

Annotations:
D:2 Terence


Innate Abilities, Weirdness & Mutations

You do not eat or drink.
Your flesh is vulnerable to fire.
You are immune to poison.
Your flesh is cold resistant. (rC+)
You are immune to negative energy. (rN+++)
You are immune to unholy pain and torment.
You can survive without breathing.


Message History

Terence hits you from afar with a trident.
Attack whom?
Press: ? - help, Dir - move target cursor, f/p - Terence
Aim: Terence, wielding a trident and wearing a chain mail (severely wounded)
You reach to attack!
You hit Terence but do no damage.
Terence is severely wounded.
Terence barely misses you.
Attack whom?
Press: ? - help, Dir - move target cursor, f/p - Terence
Aim: Terence, wielding a trident and wearing a chain mail (severely wounded)
You reach to attack!
You hit Terence but do no damage.
Terence is severely wounded.
Terence hits you from afar with a trident.
* * * LOW HITPOINT WARNING * * *
You see here a kobold corpse.
Things that are here:
a dagger; a goblin corpse
There is a stone staircase leading up here.
Terence hits you from afar with a trident!
You die...

#.......# #
#.......# .#
#.......# #.
#.......##.
#.......#.#
#....†...# .
#.##@###.# ... #
##.#.####.....
#.###..@.@......>
#.......###......
#####..#.......##
#..#.##.####
#..#.# #.....
##.#.# ....# #(
..


You could see Terence.

Vanquished Creatures
  A gnoll (D:1)
  A dart slug (D:1)
  A ball python (D:1)
  5 goblins
  A hobgoblin (D:1)
  5 kobolds
  3 bats (D:1)
  A frilled lizard (D:1)
  3 rats (D:1)
21 creatures vanquished.

Notes
Turn   | Place    | Note
-------+----------+-------------------------------------------
     0 | Abyss:1  | Kurtz the Mummy Abyssal Knight began the quest for the Orb.
     0 | Abyss:1  | Reached XP level 1. HP: 18/18 MP: 2/2
    21 | Abyss:1  | Found a blossoming altar of Fedhas.
    95 | Abyss:2  | Noticed a smoke demon
   112 | Abyss:2  | Noticed a small abomination
   116 | D:1      | Escaped the Abyss
   388 | D:1      | Reached XP level 2. HP: 22/24 MP: 3/3
   405 | D:1      | Reached * piety under Lugonu
   938 | D:1      | Reached XP level 3. HP: 27/29 MP: 4/4
  1050 | D:2      | Noticed Terence
  1071 | D:2      | Slain by Terence

Vault maps used:
D:1:      scummos_arrival_simple_crosswalls, minmay_misc_feat_encased
D:2:      chequers_ecumenical_altar_grove, uniq_terence
Abyss:1:  guppyfry_abyss_exit_spiral_guarded

Skill      XL: |  1  2  3 |
---------------+----------+-----
Axes           | 2 3 |  3.0
Fighting       | |  3.0
Armour         | |  1.5
Dodging        | |  0.7
Invocations    | |  1.5

Action                   || total
-------------------------++-------
Melee: Hand axe          ||    44
       Spear             ||    27
Invok: Depart the Abyss  ||     1
Armor: Leather armour    ||    29
Dodge: Dodged            ||    33
